 Dungeon Crawl Stone Soup version 0.30.1 (webtiles) character file.

Game seed: 2606784065124900891

1596 LynnLen the Covert (level 8, -1/36 HPs)
             Began as a Spriggan Enchanter on July 12, 2023.
             Was a Follower of Dithmenos.
             Slain by an orc warrior (8 damage)
             ... on level 5 of the Dungeon.
             The game lasted 00:15:12 (6585 turns).

LynnLen the Covert (Spriggan Enchanter)             Turns: 6585, Time: 00:15:13

Health: -1/36      AC:  4    Str:  4    XL:     8   Next: 62%
Magic:  9/13       EV: 17    Int: 17    God:    Dithmenos [*.....]
Gold:   310        SH:  0    Dex: 17    Spells: 4/12 levels left

rFire   . . .        a - +1 dagger (flame)
rCold   + . .        (no shield)
rNeg    . . .        q - +2 robe {rC+}
rPois   .            (helmet restricted)
rElec   .            (no cloak)
rCorr   .            (gloves unavailable)
SInv    +            (boots unavailable)
Will    +....        (no amulet)
Stlth   ++++++       (no ring)
HPRegen 0.26/turn    (no ring)
MPRegen 0.13/turn

%: no passive effects
@: wreathed by umbra, very quick
A: very small, no large weapons, unfitting armour, see invisible, speed 3
a: Renounce Religion


You were on level 5 of the Dungeon.
You worshipped Dithmenos.
Dithmenos was aware of your devotion.
You visited 1 branch of the dungeon, and saw 6 of its levels.

You collected 310 gold pieces.

Inventory:

Hand Weapons
 a - a +1 dagger of flaming (weapon)
Armour
 q - a +2 robe of cold resistance (worn)
Wands
 r - a wand of flame (27)
Scrolls
 b - 2 scrolls of acquirement {unknown}
 i - 2 scrolls of poison {unknown}
 k - 2 scrolls of fear
 l - a scroll of silence {unknown}
 n - a scroll of fog {unknown}
 o - 2 scrolls of teleportation
 p - a scroll of enchant armour {unknown}
 s - a scroll of identify {unknown}
 t - 2 scrolls of vulnerability {unknown}
 v - a scroll of enchant weapon {unknown}
Potions
 c - 4 potions of invisibility
 d - a potion of might
 e - 2 potions of heal wounds {unknown}
 f - 4 potions of curing {unknown}
 g - 2 potions of magic {unknown}
 h - 3 potions of degeneration {unknown}
 j - 2 potions of brilliance {unknown}
 m - 3 potions of lignification {unknown}
 u - a potion of resistance {unknown}
 w - a potion of mutation {unknown}


   Skills:
 * Level 6.1 Short Blades
 - Level 2.6 Dodging
 + Level 10.9 Stealth
 - Level 2.6 Spellcasting
 + Level 6.9 Hexes
 + Level 3.7 Ice Magic


You had 4 spell levels left.
You knew the following spells:

 Your Spells              Type           Power      Damage    Failure   Level
a - Ensorcelled Hibernat  Hex/Ice        40%        N/A       3%          2
b - Confusing Touch       Hex            25%        N/A       3%          3
c - Tukima's Dance        Hex            25%        N/A       3%          3

Your spell library contained the following spells:

 Spells                   Type           Power      Damage    Failure   Level
 Ozocubu's Armour         Ice            14%        N/A       12%         3
 Dazzling Flash           Conj/Hex       28%        N/A       13%         3
 Portal Projectile        Hex/Tloc       28%        N/A       13%         3
 Leda's Liquefaction      Hex/Erth       7%         N/A       41%         4
 Call Canine Familiar     Summ           2%         N/A       47%         3
 Ozocubu's Refrigeration  Ice            7%         4d9       100%        7


Dungeon Overview and Level Annotations

Branches:
Dungeon (6/15)             Temple (0/1) D:4

Altars:
Ashenzari
Dithmenos
Elyvilon
Hepliaklqana
Nemelex Xobeh
Qazlal
Sif Muna
Trog
Vehumet
Wu Jian
Yredelemnul

Shops:
D:4 [


Innate Abilities, Weirdness & Mutations

You are very small and have problems with some larger weapons.
You are too small for most types of armour.
You have supernaturally acute eyesight. (SInv)
You cover ground extremely quickly. (Speed+++)


Message History

The orc warrior hits you.
You hit the orc warrior but do no damage.
The orc warrior is severely wounded.
You closely miss the orc warrior.
The orc warrior is severely wounded.
The orc warrior barely misses you.
You closely miss the orc warrior.
The orc warrior is severely wounded.
The orc warrior hits you.
You hit the orc warrior but do no damage.
The orc warrior is severely wounded.
The orc warrior hits you.
You completely miss the orc warrior.
The orc warrior is severely wounded.
Casting: Confusing Touch (dangerous; 3% risk of failure)
Press: ? - help, Q - select action, (/) - cycle Dir - look around, f - activate Your hands begin to glow red.
The orc warrior completely misses you.
You closely miss the orc warrior.
The orc warrior is severely wounded.
The orc warrior closely misses you.
You barely miss the orc warrior.
The orc warrior is severely wounded.
The orc warrior completely misses you.
You hit the orc warrior but do no damage.
The orc warrior is severely wounded.
You barely miss the orc warrior.
The orc warrior is severely wounded.
The orc warrior hits you!
* * * LOW HITPOINT WARNING * * *
You hit the orc warrior but do no damage.
The orc warrior appears confused.
The orc warrior is severely wounded.
You barely miss the orc warrior.
You punch the orc warrior, but do no damage.
The orc warrior is severely wounded.
You hit the orc warrior. You burn the orc warrior.
The orc warrior is severely wounded.
The orc warrior hits you!
You die...

#.##......# #......# #..
#.......### ##.###.# ###
####.###### #####.#
#....).#### #..#####
#.........## #.......
#.......#..## ##..####.
#.......#...###...####.
####.....#####...#.#.##...
#........@.#...#.#...##.#.
#.##?####.o#..##.##..##.#.
#.##.#####...###.##.......
#.##.......### #.........#
#.########## ####.###.##
#.#### #####.# ### #....#
#.....# ####.# #.##### ###
#.##########.# ##.##


You could see an orc warrior (confused).

Vanquished Creatures
  Grinder (D:5)
  Sigmund (D:4)
  Duvessa (D:5)
  An ice beast (D:5)
  4 ogres (D:5)
  A bullfrog (D:6)
  Dowan (D:5)
  3 howler monkeys
  A hound (D:3)
  3 orc priests
  3 iguanas
  2 orc wizards
  14 adders
  A shadow imp (D:6)
  A white imp (D:6)
  A worm (D:2)
  3 dart slugs
  12 orcs
  4 endoplasms
  5 giant cockroaches
  7 goblins
  4 hobgoblins
  3 quokkas
  5 ball pythons
  4 bats
  2 kobolds (D:4)
  7 rats
95 creatures vanquished.

Vanquished Creatures (collateral kills)
  An orc priest (D:6)
  An orc (D:5)
2 creatures vanquished.

Vanquished Creatures (others)
  2 dancing weapons (D:6)
2 creatures vanquished.

Grand Total: 99 creatures vanquished

Notes
Turn   | Place    | Note
-------+----------+-------------------------------------------
     0 | D:1      | LynnLen the Spriggan Enchanter began the quest for the Orb.
     0 | D:1      | Reached XP level 1. HP: 9/9 MP: 5/5
   257 | D:1      | Reached skill level 5 in Stealth
   257 | D:1      | Reached XP level 2. HP: 11/13 MP: 6/6
   260 | D:1      | Learned a level 2 spell: Ensorcelled Hibernation
   491 | D:1      | Found a faded altar of an unknown god.
  1261 | D:2      | Reached XP level 3. HP: 16/16 MP: 8/8
  1664 | D:2      | Reached skill level 6 in Stealth
  1737 | D:2      | Reached XP level 4. HP: 21/21 MP: 9/9
  1921 | D:2      | Learned a level 3 spell: Confusing Touch
  1925 | D:2      | Learned a level 3 spell: Tukima's Dance
  2262 | D:3      | Found a radiant altar of Vehumet.
  2349 | D:3      | Reached skill level 1 in Ice Magic
  2815 | D:3      | Found a stormy altar of Qazlal.
  2815 | D:3      | Found a bloodstained altar of Trog.
  2817 | D:3      | Found a basalt altar of Yredelemnul.
  3102 | D:4      | Found a shadowy altar of Dithmenos.
  3135 | D:4      | Found a hazy altar of Hepliaklqana.
  3157 | D:4      | Became a worshipper of Dithmenos the Shadowed
  3243 | D:4      | Found a shimmering blue altar of Sif Muna.
  3267 | D:4      | Found a sparkling altar of Nemelex Xobeh.
  3267 | D:4      | Found a white marble altar of Elyvilon.
  3405 | D:4      | Found a staircase to the Ecumenical Temple.
  3413 | D:4      | Reached XP level 5. HP: 24/24 MP: 7/10
  3463 | D:4      | Reached skill level 7 in Stealth
  3692 | D:4      | Identified the +1 rapier of Painful Death {elec, Fly rF+}
  3740 | D:4      | Found Sataepi's Armour Shoppe.
  3937 | D:4      | Found an ornate altar of the Wu Jian Council.
  4019 | D:4      | Noticed Sigmund
  4021 | D:4      | Killed Sigmund
  4022 | D:4      | Reached skill level 8 in Stealth
  4022 | D:4      | Reached skill level 5 in Hexes
  4022 | D:4      | Reached XP level 6. HP: 28/28 MP: 11/11
  4144 | D:5      | Entered Level 5 of the Dungeon
  4195 | D:5      | Noticed Grinder
  4203 | D:5      | Killed Grinder
  4204 | D:5      | Reached XP level 7. HP: 32/32 MP: 12/12
  4231 | D:5      | Reached skill level 9 in Stealth
  4348 | D:5      | Found a broken altar of Ashenzari.
  4626 | D:5      | Reached skill level 10 in Stealth
  4682 | D:5      | Reached * piety under Dithmenos
  4683 | D:5      | Reached XP level 8. HP: 24/36 MP: 1/13
  5015 | D:5      | Noticed Duvessa
  5016 | D:5      | Noticed Dowan
  5037 | D:5      | Killed Duvessa
  5038 | D:5      | Reached skill level 5 in Short Blades
  5040 | D:5      | Killed Dowan
  6585 | D:5      | Slain by an orc warrior

Illustrated notes

Levels and vault maps discovered:
D:1:      moated_graveyard_arrival, layout_basic,
          ebering_ecumenical_altar_sacrificial, moated_statue,
          dk_noncrumbling_2, kennysheep_boxes
D:2:      layout_basic, nicolae_figureground_sparkle
D:3:      layout_basic, mainiacjoe_overflow_catwalk,
          nicolae_overflow_hidden_temple
D:4:      layout_loops_corners, gammafunk_temple_overflow_pools,
          nicolae_wu_jian_glorious_leap, grunt_dithmenos_smoke_and_mirrors,
          nzn_hepliaklqana_mist_gate, mainiacjoe_overflow_tiny_flanked,
          minmay_temple_entry_proselytizer, serial_shops, nicolae_shop_stone,
          uniq_sigmund
D:5:      layout_loops_cross, mainiacjoe_overflow_24_doors, uniq_duvessa,
          uniq_grinder
D:6:      layout_cave_pools, minmay_pentangle

Skill      XL: |  1  2  3  4  5  6  7  8 |
---------------+-------------------------+-----
Stealth        | 5 6 8 10 | 10.9
Hexes          | 4 5 6 |  6.9
Short Blades   | 2 3 4 6 |  6.1
Ice Magic      | 1 2 3 |  3.7
Dodging        | |  2.6
Spellcasting   | |  2.6

Action                     |  1- 3 |  4- 6 |  7- 9 || total
---------------------------+-------+-------+-------++-------
  Melee: Dagger            |    94 |    53 |   124 ||   271
         Punch             |     3 |     1 |     2 ||     6
   Cast: Ensorcelled Hiber |     3 |     8 |    23 ||    34
         Confusing Touch   |       |       |     9 ||     9
         Tukima's Dance    |       |       |     4 ||     4
    Use: Scroll            |     1 |     4 |       ||     5
         Potion            |       |       |     1 ||     1
   Stab: Sleeping          |    17 |    17 |    25 ||    59
         Confused          |       |       |     3 ||     3
         Invisible         |       |       |     2 ||     2
         Distracted        |       |       |     1 ||     1
 Armour: Robe              |     7 |     2 |     4 ||    13
  Dodge: Dodged            |    61 |    20 |    59 ||   140
